 Dungeon Crawl Stone Soup version 0.28.0-43-g3370ac3207 (webtiles) character file.

Game seed: 17028973596210096322

709 Faeu the Covered (level 7, -15/63 HPs)
             Began as a Minotaur Fighter on Mar 23, 2022.
             Was an Initiate of Ru.
             Demolished by an ogre
             ... wielding a +0 giant club
              (16 damage)
             ... on level 5 of the Dungeon.
             The game lasted 00:10:37 (3887 turns).

Faeu the Covered (Minotaur Fighter)                 Turns: 3887, Time: 00:10:37

Health: -15/63     AC:  9    Str: 22    XL:     7   Next: 40%
Magic:  6/6        EV:  9    Int:  5    God:    Ru [......]
Gold:   205        SH:  5    Dex: 10    Spells: 6/6 levels left

rFire   x . .      SeeInvis .   a - +0 long sword {long}
rCold   + . .      Faith    .   c - +0 buckler
rNeg    . . .      Spirit   .   b - +0 scale mail
rPois   .          Reflect  .   n - +2 hat
rElec   .          Harm     .   (no cloak)
rCorr   .          Rampage  .   (no gloves)
Will    +....                   (no boots)
Stlth   ..........              (no amulet)
HPRegen 0.20/turn               j - ring of willpower
MPRegen 0.10/turn               r - ring of ice

@: about to teleport
A: horns 2, retaliatory headbutt
a: Renounce Religion


You were on level 5 of the Dungeon.
You worshipped Ru.
Ru was noncommittal.
You visited 1 branch of the dungeon, and saw 5 of its levels.

You collected 205 gold pieces.


Innate Abilities, Weirdness & Mutations

You have a pair of horns on your head.
You reflexively headbutt those who attack you in melee.


   Skills:
 + Level 6.1 Fighting
 + Level 5.3 Long Blades
 + Level 6.1 Armour
 + Level 6.1 Shields


You had 6 spell levels left.
You didn't know any spells.
Your spell library contained the following spells:

 Spells                   Type           Power      Damage    Failure   Level
 Sublimation of Blood     Necr           0%         N/A       94%         2
 Gell's Gravitas          Tloc           0%         N/A       99%         3
 Lesser Beckoning         Tloc           0%         N/A       99%         3
 Teleport Other           Tloc           0%         N/A       99%         3
 Petrify                  Tmut/Erth      0%         N/A       100%        4
 Irradiate                Conj/Tmut      0%         3d13      100%        5

Inventory:

Hand Weapons
 a - a +0 long sword (weapon) {long}
Armour
 b - a +0 scale mail (worn)
 c - a +0 buckler (worn)
 n - a +2 hat (worn)
   (You found it on level 3 of the Dungeon)
 t - an orb of wrath
   (You found it on level 5 of the Dungeon)
Jewellery
 j - a ring of willpower (left hand)
   (You found it on level 2 of the Dungeon)
 r - a ring of ice (right hand)
   (You found it on level 4 of the Dungeon)
Wands
 l - a wand of iceblast (2)
   (You found it on level 3 of the Dungeon)
Scrolls
 d - a scroll of holy word {unknown}
 f - 2 scrolls of identify {@r1}
 h - a scroll of brand weapon {unknown}
 k - a scroll of teleportation {@r4}
 m - a scroll of amnesia {unknown}
 p - a scroll of noise {unknown}
 s - a scroll of fear {unknown}
Potions
 e - a potion of lignification {unknown}
 g - a potion of curing {@q1}
 i - 2 potions of haste {@q3}
 q - a potion of mutation {unknown}
Miscellaneous
 o - a phial of floods
   (You found it on level 3 of the Dungeon)

Dungeon Overview and Level Annotations

Branches:
Dungeon (5/15)             Temple (0/1) D:4

Altars:
Dithmenos
Fedhas
Gozag
Makhleb
Ru
Vehumet
The Shining One

Annotations:
D:4 exclusion: statue

#. ##. .. .... ..
#...Y. #. #$... #.
#..O ..... #Z###.#
...!... #.@#..##
......... ##.O...#
......... #.....#
##..(..... ####....#
#.........
..........###.........
......................
####......##..........
#..#................
#..##................


You could see an ogre and a hound skeleton.


Message History

The black bear claws you. 😮 HP[-5]
You take 5 damage, and now have 45/62 hp.
You barely miss the black bear. The black bear bites you.
The black bear claws you but does no damage.
The black bear claws you. The black bear closely misses you. x2
The black bear claws you but does no damage. 😮 HP[-5]
You take 5 damage, and now have 40/62 hp.
You slash the black bear!
You kill the black bear! 😮 HP[+1]
Found a glowing golden altar of the Shining One.
As you read the scroll labelled SEKARRUMAF, it crumbles to dust.
It is a scroll of identify.
k - 2 scrolls of teleportation
As you read the scroll of identify {@r1}, it crumbles to dust.
i - 2 potions of haste 😮 HP[+1]
As you read the scroll of identify {@r1}, it crumbles to dust.
g - 2 potions of curing An iguana comes into view. 😮 HP[+3]
You regained 3 hp, and now have 45/62 hp. 😮 HP[+1] 😕 HP[+1]
The iguana bites you! 😮 HP[-8]
You take 8 damage, and now have 39/62 hp.
You hit the iguana. You headbutt the iguana!
You block the iguana's attack. 😮 HP[+1]
You barely miss the iguana.
The iguana bites you but does no damage.
You hit the iguana but do no damage.
The iguana bites you but does no damage. x2
You hit the iguana. The iguana closely misses you.
You slash the iguana!
You kill the iguana!
Your Fighting skill increases to level 6!
Your Armour skill increases to level 6!
Your Shields skill increases to level 6! 😮 HP[+1]
You now have 63 max hp (+1). 😮 HP[+1]
A water moccasin zombie comes into view.
You slash the water moccasin zombie!
The water moccasin zombie bites you but does no damage. 😮 HP[+1]
You closely miss the water moccasin zombie.
You headbutt the water moccasin zombie!
The water moccasin zombie bites you. x2 😮 HP[-7]
You take 7 damage, and now have 36/63 hp.
You closely miss the water moccasin zombie.
You headbutt the water moccasin zombie!
The water moccasin zombie bites you. 😮 HP[-1]
You take 1 damage, and now have 35/63 hp.
You hit the water moccasin zombie. The water moccasin zombie bites you.
The water moccasin zombie bites you but does no damage. 😮 HP[-2]
You take 2 damage, and now have 33/63 hp.
You slash the water moccasin zombie!
You destroy the water moccasin zombie! 😮 HP[+1]
You now have 205 gold pieces (gained 3). 😮 HP[+1]
A hound skeleton comes into view.
A hound skeleton is nearby!
An ogre and a sky beast come into view.
The ogre shouts!
You block the hound skeleton's attack.
You hit the hound skeleton. The hound skeleton bites you. x2
* * * LOW HITPOINT WARNING * * *
😨 HP[-4]
You take 4 damage, and now have 31/63 hp.
You hit the hound skeleton. The hound skeleton closely misses you.
You furiously retaliate!
You headbutt the hound skeleton. 😮 HP[+1]
You slash the hound skeleton!
The hound skeleton bites you but does no damage.
The hound skeleton misses you. You furiously retaliate!
You headbutt the hound skeleton, but do no damage.
The ogre hits you with a +0 giant club!!
* * * LOW HITPOINT WARNING * * *
😱 HP[-20]
You take 20 damage, and now have 12/63 hp.
MASSIVE DAMAGE!! (PAUSE)
You barely miss the hound skeleton. The hound skeleton bites you.
* * * LOW HITPOINT WARNING * * *
😱 HP[-3]
You take 3 damage, and now have 9/63 hp.
You feel better. You block the hound skeleton's attack.
The ogre hits you with a +0 giant club!
* * * LOW HITPOINT WARNING * * *
The hound skeleton bites you but does no damage. 😱 HP[-8]
You take 8 damage, and now have 1/63 hp.
As you read the scroll of teleportation {@r4}, it crumbles to dust.
You feel strangely unstable. The ogre hits you with a +0 giant club!
You die...

Skill      XL: |  1  2  3  4  5  6  7 |
---------------+----------------------+-----
Armour         | 4 5 6 |  6.1
Shields        | 4 5 6 |  6.1
Fighting       | 4 5 6 |  6.1
Long Blades    | 4 5 |  5.3

Action                   |  1- 3 |  4- 6 |  7- 9 || total
-------------------------+-------+-------+-------++-------
Melee: Long sword        |    53 |   112 |    22 ||   187
       Headbutt          |    11 |    17 |     5 ||    33
  Use: Potion            |     1 |       |     1 ||     2
       Scroll            |       |       |     4 ||     4
Armor: Scale mail        |    13 |    42 |    15 ||    70
Dodge: Dodged            |    20 |    46 |    13 ||    79
Block: Buckler           |    12 |    22 |     4 ||    38

Levels and vault maps discovered:
D:1:      dpeg_arrival_windows_large_door, layout_loops_corners,
          ebering_ecumenical_altar_mist, serial_bayou_ford_a,
          minmay_misc_feat_pillars
D:2:      layout_loops_cross, uniq_sigmund
D:3:      minmay_octagon_keep, layout_loops_ring, fedhas_altar_3,
          grunt_ministairs_1
D:4:      layout_basic, mainiacjoe_overflow_alcove_2,
          mainiacjoe_overflow_catwalk, nicolae_dithmenos_through_a_glass_darkly,
          vehumet_statue, kennysheep_mini_moat, minmay_temple_entry_tees
D:5:      layout_rooms, overflow_temple_1_default, minmay_misc_feat_more_columns

Notes
Turn   | Place    | Note
-------+----------+-------------------------------------------
     0 | D:1      | Faeu the Minotaur Fighter began the quest for the Orb.
     0 | D:1      | Reached XP level 1. HP: 19/19 MP: 0/0
     0 | D:1      | magus.rc [v1.9.6]
   169 | D:1      | Found a faded altar of an unknown god.
   261 | D:1      | Reached XP level 2. HP: 24/27 MP: 1/1
   530 | D:1      | Reached skill level 4 in Armour
   557 | D:1      | Reached skill level 4 in Shields
   599 | D:1      | Reached skill level 4 in Fighting
   616 | D:1      | You pick up a book of Alchemy and begin reading...
   616 | D:1      | You add the spells Sublimation of Blood, Petrify and
                  | Irradiate to your library.
   992 | D:2      | Reached XP level 3. HP: 32/33 MP: 2/2
  1052 | D:2      | Reached skill level 3 in Long Blades
  1407 | D:2      | You pick up a book of Displacement and begin reading...
  1407 | D:2      | You add the spells Lesser Beckoning, Gell's Gravitas and
                  | Teleport Other to your library.
  1514 | D:2      | Noticed Sigmund
  1519 | D:2      | Killed Sigmund
  1520 | D:2      | Reached skill level 4 in Long Blades
  1520 | D:2      | Reached skill level 5 in Armour
  1520 | D:2      | Reached XP level 4. HP: 12/41 MP: 3/3
  1520 | D:2      | Reached XP level 5. HP: 13/47 MP: 4/4
  1527 | D:2      | magus.rc [v1.9.6]
  2012 | D:3      | Found a blossoming altar of Fedhas.
  2017 | D:3      | Reached skill level 5 in Fighting
  2017 | D:3      | Reached skill level 5 in Shields
  2588 | D:3      | Reached XP level 6. HP: 41/56 MP: 5/5
  2948 | D:4      | Found a sacrificial altar of Ru.
  2951 | D:4      | Became a worshipper of Ru the Awakened
  3011 | D:4      | Found a radiant altar of Vehumet.
  3053 | D:4      | Found a shadowy altar of Dithmenos.
  3125 | D:4      | Found a staircase to the Ecumenical Temple.
  3333 | D:4      | Found a burning altar of Makhleb.
  3355 | D:4      | Found an opulent altar of Gozag.
  3364 | D:4      | Reached skill level 5 in Long Blades
  3364 | D:4      | Reached XP level 7. HP: 62/62 MP: 6/6
  3751 | D:5      | Entered Level 5 of the Dungeon
  3825 | D:5      | Found a glowing golden altar of the Shining One.
  3864 | D:5      | Reached skill level 6 in Fighting
  3864 | D:5      | Reached skill level 6 in Armour
  3864 | D:5      | Reached skill level 6 in Shields
  3884 | D:5      | HP: 12/63 [ogre/+0 giant club (20)]
  3886 | D:5      | HP: 1/63 [ogre/+0 giant club (13)]
  3887 | D:5      | Demolished by an ogre

Vanquished Creatures
  Sigmund (D:2)
  A black bear (D:5)
  An ogre (D:4)
  A scorpion (D:4)
  A water moccasin zombie (D:5)
  A water moccasin skeleton (D:4)
  A hound (D:4)
  2 iguanas
  A hound skeleton (D:4)
  3 adders (D:3)
  A howler monkey skeleton (D:4)
  2 worms
  A dart slug (D:4)
  6 orcs
  4 ball pythons
  6 bats
  5 endoplasms
  3 giant cockroaches
  9 goblins
  8 hobgoblins
  7 jackals
  A kobold (D:3)
  3 quokkas
  4 frilled lizards
  4 rats (D:3)
77 creatures vanquished.

Vanquished Creatures (others)
  7 fungi (D:3)
  4 plants (D:3)
11 creatures vanquished.

Grand Total: 88 creatures vanquished

Table legend:
 A = Non-vault XP
 B = Vault XP
 C = Vault XP percentage of total XP
 D = Non-vault monster count
 E = Vault monster count
 F = Vault count percentage of total count
                 A         B        C        D         E       F
            +---------+---------+-------+---------+---------+-------
      Total |     758 |     255 |  25.2 |      62 |      15 |  19.5
            +---------+---------+-------+---------+---------+-------
        D:1 |      40 |       0 |   0.0 |      21 |       0 |   0.0
        D:2 |      42 |     220 |  84.0 |       5 |       1 |  16.7
        D:3 |      61 |      35 |  36.5 |      17 |      14 |  45.2
        D:4 |     368 |       0 |   0.0 |      16 |       0 |   0.0
        D:5 |     247 |       0 |   0.0 |       3 |       0 |   0.0
            +---------+---------+-------+---------+---------+-------

Illustrated notes

Table legend:
 A = Kills in this place as a percentage of kills in entire the game.
 B = Kills by you in this place as a percentage of kills by you in the entire game.
 C = Kills by friends in this place as a percentage of kills by friends in the entire game.
 D = Other kills in this place as a percentage of other kills in the entire game.
 E = Experience gained in this place as a percentage of experience gained in the entire game.
 F = Experience gained in this place divided by the number of levels of this place that you have seen.
                   A       B       C       D       E      F
               +-------+-------+-------+-------+-------+----------------------
         Total | 100.0 | 100.0 |   N/A |   N/A | 100.0 | 202.6
       Dungeon | 100.0 | 100.0 |   N/A |   N/A | 100.0 | 202.6
               +-------+-------+-------+-------+-------+----------------------

Table legend: (Time is in decaauts)
 A = Elapsed time spent in this place.
 B = Non-inter-level travel time spent in this place.
 C = Inter-level travel time spent in this place.
 D = Time resting spent in this place.
 E = Time spent auto-exploring this place.
 F = Levels seen in this place.
 G = Mean time per level.
                   A        B        C        D        E       F      G
               +--------+--------+--------+--------+--------+-----+--------+
         Total |   3940 |   3739 |    201 |     87 |   3051 |   5 |  788.0 |
       Dungeon |   3940 |   3739 |    201 |     87 |   3051 |   5 |  788.0 |
               +--------+--------+--------+--------+--------+-----+--------+

Top non-repeatable levels by time:
     D:1: 992 daAuts
     D:4: 984 daAuts
     D:2: 922 daAuts
     D:3: 901 daAuts
     D:5: 140 daAuts
